 Seeded DCSS version 0.28-a0-657-g71136c5590 (webtiles) character file.

Game seed: 20211007 (custom seed)

27891 a11behringer the Fencer (level 13, -11/117 HPs)
             Began as a Minotaur Fighter on Oct 14, 2021.
             Was an Initiate of Gozag.
             Hit by a large rock thrown by a stone giant (25 damage)
             ... on level 2 of the Orcish Mines.
             The game lasted 01:08:51 (16938 turns).

a11behringer the Fencer (Minotaur Fighter)         Turns: 16938, Time: 01:08:51

Health: -11/117    AC: 17    Str: 27    XL:     13   Next: 6%
Magic:  20/21      EV:  8    Int:  5    God:    Gozag
Gold:   385        SH: 15    Dex: 12    Spells: 12/12 levels left

rFire   . . .      SeeInvis +   a - +6 Maxwell's thermic engine {flame, freeze}
rCold   . . .      Faith    .   Y - +0 kite shield
rNeg    . . .      Spirit   .   E - +3 chain mail of Weuret {+Blink Stlth+}
rPois   +          Reflect  +   (helmet restricted)
rElec   +          Harm     .   (no cloak)
rCorr   .          Rampage  .   (no gloves)
Will    .....                   w - +0 pair of boots
Stlth   ..........              x - amulet of the Lily {Reflect rElec rPois Str+3 SH+5}
HPRegen 0.29/turn               k - ring of see invisible
MPRegen 0.17/turn               v - ring of magical power

@: no status effects
A: horns 2, retaliatory headbutt
a: Renounce Religion, Evoke Blink, Potion Petition, Call Merchant, Bribe Branch


You were on level 2 of the Orcish Mines.
You worshipped Gozag.
Gozag was aware of your devotion.
You visited 3 branches of the dungeon, and saw 15 of its levels.
You also visited: Sewer.

You collected 3448 gold pieces.
You spent 1934 gold pieces at shops.
You paid 1129 gold pieces to Gozag.

Inventory:

Hand Weapons
 a - the +6 Maxwell's thermic engine (weapon) {flame, freeze}
   (You bought it in a shop on level 12 of the Dungeon)

   It burns those it strikes, dealing additional fire damage.
   Big, fiery blades are also staple armaments of hydra-hunters.
   It freezes those it strikes, dealing additional cold damage.
   It can also slow down cold-blooded creatures.
   It becomes more effective when it hits something.
   This effect fades over time.
 m - a +0 triple crossbow
 M - the +4 falchion of Dismemberment {antimagic, Str+3}
   (You found it on level 11 of the Dungeon)

   It reduces the magical energy of the wielder, and disrupts the spells and
   magical abilities of those it strikes.
   Natural abilities and divine invocations are not affected.
   Str:       It affects your strength (+3).
 O - a +2 hand crossbow of freezing
 P - a +1 long sword of flaming
 R - a +2 long sword
 S - a +5 falchion of freezing
Missiles
 f - 104 bolts
 X - a throwing net (quivered)
Armour
 c - a +1 buckler
 w - a +0 pair of boots (worn)
 B - the +1 ring mail of the Thistle {MP+9 Dex+4}
   (You bought it in a shop on level 5 of the Dungeon)

   Dex:       It affects your dexterity (+4).
   MP:        It affects your magic capacity (+9).
 D - a +0 plate armour
 E - the +3 chain mail of Weuret (worn) {+Blink Stlth+}
   (You found it on level 6 of the Dungeon)

   +Blink:    It lets you blink.
   Stlth:     It makes you more stealthy.
 Y - a +0 kite shield (worn)
Jewellery
 k - a ring of see invisible (left hand)
 p - a ring of ice
 v - a ring of magical power (right hand)
 x - the amulet of the Lily (around neck) {Reflect rElec rPois Str+3 SH+5}
   (You acquired it on level 5 of the Dungeon)

   [amulet of reflection]

   It reflects blocked missile attacks.
   Str:       It affects your strength (+3).
   rElec:     It insulates you from electricity.
   rPois:     It protects you from poison.
   SH:        It affects your SH (+5).
 V - the amulet of Vehumet's Esteem {Acrobat rPois Str+4 Dex-4}
   (You found it on level 10 of the Dungeon)

   [amulet of the acrobat]

   It increases your evasion while moving and waiting.
   Str:       It affects your strength (+4).
   Dex:       It affects your dexterity (-4).
   rPois:     It protects you from poison.
Wands
 b - a wand of paralysis (6)
 n - a wand of charming (3)
 t - a wand of flame (62)
 G - a wand of iceblast (36)
 J - a wand of mindburst (23)
Scrolls
 e - 7 scrolls of teleportation
 j - 3 scrolls of fog
 l - 3 scrolls of amnesia
 q - 5 scrolls of blinking
 y - 5 scrolls of enchant armour
 K - 4 scrolls of identify
 N - a scroll of brand weapon
 Q - a scroll of fear
Potions
 g - 10 potions of curing
 i - a potion of resistance
 o - a potion of attraction
 r - 2 potions of mutation
 s - a potion of lignification {unknown}
 u - 3 potions of degeneration
 z - a potion of invisibility
 C - a potion of haste
 F - 2 potions of brilliance {unknown}
 I - 2 potions of cancellation
 L - a potion of magic
 W - a potion of flight {unknown}
 Z - a potion of berserk rage {unknown}


   Skills:
 + Level 11.8 Fighting
 - Level 16.7 Long Blades
 * Level 3.8 Crossbows
 + Level 13.5 Armour
 - Level 3.2 Dodging
 + Level 7.2 Shields
 - Level 6.0 Evocations


You had 12 spell levels left.
You didn't know any spells.
Your spell library contained the following spells:

 Spells                   Type           Power      Damage    Failure   Level
 Summon Small Mammal      Summ           0%         N/A       99%         1
 Call Canine Familiar     Summ           0%         N/A       100%        3
 Gell's Gravitas          Tloc           0%         N/A       100%        3
 Ignite Poison            Fire/Tmut/Pois 0%         N/A       100%        3
 Lesser Beckoning         Tloc           0%         N/A       100%        3
 Mephitic Cloud           Conj/Pois/Air  0%         N/A       100%        3
 Ozocubu's Armour         Ice            0%         N/A       100%        3
 Summon Guardian Golem    Hex/Summ       0%         N/A       100%        3
 Teleport Other           Tloc           0%         N/A       100%        3
 Leda's Liquefaction      Hex/Erth       0%         N/A       100%        4
 Freezing Cloud           Conj/Ice/Air   0%         6-21      100%        5
 Lee's Rapid Deconstruct  Erth           0%         3d5*      100%        5
 Metabolic Englaciation   Hex/Ice        0%         N/A       100%        5
 Simulacrum               Ice/Necr       0%         N/A       100%        6
 Statue Form              Tmut/Erth      0%         N/A       100%        6


Dungeon Overview and Level Annotations

Branches:
Dungeon (12/15)            Temple (1/1) D:4            Lair (0/6) D:8
    Orc (2/2) D:12            Elf (0/3) Orc:2         Sewer (visited)

Altars:
Ashenzari
Cheibriados
Dithmenos
Elyvilon
Fedhas
Gozag
Hepliaklqana
Kikubaaqudgha
Makhleb
Nemelex Xobeh
Okawaru
Qazlal
Ru
Sif Muna
Trog
Uskayaw
Vehumet
Wu Jian
Xom
Yredelemnul
Zin
The Shining One
Beogh

Shops:
D:5 (*[[(   D:10 *(!!   D:12 [(


Innate Abilities, Weirdness & Mutations

You have a pair of horns on your head.
You reflexively headbutt those who attack you in melee.


Message History

The deep troll claws you but does no damage.
You block the deep troll's attack. The ogre hits you with a +0 giant club.
The stone giant hits you!!
* * * LOW HITPOINT WARNING * * *
The orc is distracted by your dazzling golden aura.
The orc shouts!
You blink.
Found a staircase to the Elven Halls.
The orc is no longer distracted by gold.
The cyclops throws a large rock.
The large rock barely misses you. [a] - 319 gold - curing and magic [b] - 594 gold - resistance, might, haste and lignification [c] - 336 gold - brilliance and magic Purchase which effect? [a] - 319 gold - curing and magic [b] - 594 gold - resistance, might, haste and lignification [c] - 336 gold - brilliance and magic Purchase which effect? [a] - 319 gold - curing and magic [b] - 594 gold - resistance, might, haste and lignification [c] - 336 gold - brilliance and magic Purchase which effect?
You no longer have enough gold to fund merchants seeking to open stores in the dungeon.
You feel better. Magic courses through your body.
The ogre hits you with a +0 giant spiked club!
* * * LOW HITPOINT WARNING * * *
You block the two-headed ogre's attack. x2 [a] - 336 gold - heal wounds, curing and magic [b] - 176 gold - might and brilliance [c] - 504 gold - haste, brilliance and might Purchase which effect?
You no longer have enough gold to petition Gozag for potion effects.
You feel much better.
You feel better. Magic courses through your body.
The ogre hits you with a +0 giant spiked club!
* * * LOW HITPOINT WARNING * * *
You blink. 2 two-headed ogres and a troll come into view.
The two-headed ogre shouts in stereo! x2; The troll shouts!
The stone giant throws a large rock.
The large rock hits you!!
You die...
Your body crumbles into a pile of gold.

# ..$........#...
#.##..$..#.....#....
..#................
#.#......O§...#.....
##.#.....T.Oo........
#...#.....CO.........
.......$$..........#.
...#...oCTO.......>..
....#.O<$....@.......
.......$$............
.......#.............$
.................#...
.....................
...............T.....
.O..#...$.....O.O....
........$$...........
......$.$..T.... $


You could see an orc warlord, a stone giant, 3 two-headed ogres, an ogre mage
(invisible), a deep troll, a cyclops, 2 trolls, 3 ogres and an orc (strong).

Vanquished Creatures
  A hydra (D:12)
  2 boulder beetles
  2 catoblepae (D:12)
  Erolcha (D:9)
  3 two-headed ogres
  A deep elf pyromancer (D:12)
  Pikel (D:6)
  A deep elf zephyrmancer (D:12)
  3 orc sorcerers
  3 orc knights
  A manticore (D:12)
  2 ugly things (D:12)
  5 cyclopes
  Maurice (D:9)
  A gargoyle (D:11)
  A komodo dragon (D:10)
  An unseen horror (D:12)
  A kobold demonologist (D:12)
  A rime drake (D:12)
  An efreet (D:12)
  4 trolls
  A raiju (D:12)
  A hornet (D:11)
  Prince Ribbit (D:6)
  15 yaks
  3 wraiths
  Eustachio (D:5)
  A wyvern (D:11)
  Grum (D:9)
  19 vampire mosquitoes
  A steam dragon (D:8)
  An acid dragon (D:9)
  Duvessa (D:5)
  14 orc warriors
  3 necrophages
  9 ogres
  6 wolves
  2 centaurs
  2 lemures (D:6)
  3 kobold brigands
  3 bullfrogs
  A gnoll sergeant (D:11)
  2 wyvern zombies
  3 scorpions
  Dowan (D:5)
  A water moccasin skeleton (D:5)
  18 killer bees
  7 wights
  4 howler monkeys
  4 electric eels (D:8)
  2 bullfrog zombies
  A crimson imp (D:10)
  9 hounds
  A jelly (D:6)
  2 bullfrog skeletons (D:5)
  6 orc priests
  3 iguanas
  19 orc wizards
  A killer bee zombie (D:9)
  2 hound skeletons (D:4)
  13 adders
  11 gnolls
  4 river rats (Sewer)
  A shadow imp (D:5)
  4 white imps
  An adder skeleton (D:5)
  10 worms
  A dart slug (D:3)
  52 orcs
  12 ball pythons
  15 endoplasms
  5 giant cockroaches
  6 goblins
  6 hobgoblins
  9 jackals
  12 kobolds
  6 quokkas
  4 frilled lizards
  12 rats
396 creatures vanquished.

Vanquished Creatures (others)
  A wraith (D:9)
  3 orcs (Orc:2)
4 creatures vanquished.

Grand Total: 400 creatures vanquished

Notes
Turn   | Place    | Note
-------+----------+-------------------------------------------
     0 | D:1      | a11behringer the Minotaur Fighter began the quest for the
                  | Orb.
     0 | D:1      | Reached XP level 1. HP: 19/19 MP: 0/0
   208 | D:1      | Reached XP level 2. HP: 12/27 MP: 1/1
  1119 | D:2      | Reached XP level 3. HP: 33/33 MP: 2/2
  1186 | D:2      | Reached skill level 3 in Long Blades
  1496 | D:2      | Reached XP level 4. HP: 40/40 MP: 3/3
  1549 | D:2      | Found a faded altar of an unknown god.
  1926 | D:3      | Found an ancient bone altar of Kikubaaqudgha.
  1960 | D:3      | Reached skill level 4 in Long Blades
  2035 | D:3      | Reached XP level 5. HP: 46/46 MP: 4/4
  2079 | D:3      | Reached skill level 1 in Dodging
  2115 | D:3      | Noticed an ogre
  2122 | D:3      | Killed an ogre
  2123 | D:3      | Reached skill level 5 in Long Blades
  2149 | D:3      | Reached XP level 6. HP: 46/53 MP: 5/5
  3152 | D:4      | Reached skill level 6 in Long Blades
  3152 | D:4      | Reached skill level 5 in Armour
  4075 | D:4      | Found a staircase to the Ecumenical Temple.
  4084 | Temple   | Entered the Ecumenical Temple
  4125 | Temple   | Became a worshipper of Gozag Ym Sagoz the Greedy
  4315 | D:5      | Entered Level 5 of the Dungeon
  4338 | D:5      | Noticed Eustachio
  4359 | D:5      | Killed Eustachio
  4360 | D:5      | Reached skill level 7 in Long Blades
  4360 | D:5      | Reached XP level 7. HP: 22/60 MP: 6/6
  4549 | D:5      | Noticed Duvessa
  4549 | D:5      | Noticed Dowan
  4573 | D:5      | Killed Duvessa
  4574 | D:5      | Reached skill level 8 in Long Blades
  4582 | D:5      | Killed Dowan
  4747 | D:5      | Reached skill level 5 in Fighting
  4766 | D:5      | Found Himo's Antique Weapon Emporium.
  4786 | D:5      | Reached XP level 8. HP: 32/68 MP: 7/7
  5204 | D:5      | Reached skill level 9 in Long Blades
  5310 | D:5      | Identified a scroll of acquirement
  5310 | D:5      | Acquired the amulet of the Lily {Reflect rElec rPois Str+3
                  | SH+5}
  5353 | D:5      | Found Zuzxued's Antique Armour Boutique.
  5364 | D:5      | Bought an ichor-stained ring mail for 216 gold pieces
  5364 | D:5      | Identified the +1 ring mail of the Thistle {MP+9 Dex+4}
                  | (You bought it in a shop on level 5 of the Dungeon)
  5441 | D:5      | Noticed a two-headed ogre
  5463 | D:5      | Killed a two-headed ogre
  5464 | D:5      | Reached skill level 11 in Long Blades
  5464 | D:5      | Reached skill level 5 in Shields
  5639 | D:5      | Found Xyclug's Assorted Antiques.
  5654 | D:5      | Bought a scroll labelled ZOUMAO JUIQA for 31 gold pieces
  5654 | D:5      | Bought a bubbling sapphire potion for 27 gold pieces
  5919 | D:5      | Found Qeis's Antique Weapon Shoppe.
  5956 | D:5      | Found Muelof's Antique Armour Shop.
  6123 | D:6      | Reached XP level 9. HP: 48/75 MP: 8/8
  6414 | D:6      | Found an ornate altar of the Wu Jian Council.
  6414 | D:6      | Noticed Pikel
  6439 | D:6      | Killed Pikel
  6481 | D:6      | Noticed Prince Ribbit
  6493 | D:6      | Killed Prince Ribbit
  6494 | D:6      | Reached skill level 12 in Long Blades
  6838 | D:6      | Found a glowing drain.
  6843 | Sewer    | Entered a sewer
  7529 | D:6      | Found a snail-covered altar of Cheibriados.
  7668 | D:6      | Identified the +3 chain mail of Weuret {+Blink Stlth+}
  7870 | D:6      | Found a sacrificial altar of Ru.
  8147 | D:7      | Reached skill level 1 in Evocations
  8245 | D:7      | Reached skill level 13 in Long Blades
  8528 | D:8      | Reached XP level 10. HP: 77/84 MP: 9/9
  8572 | D:8      | Noticed a two-headed ogre
  8577 | D:8      | Reached skill level 14 in Long Blades
  8591 | D:8      | Killed a two-headed ogre
  9020 | D:8      | Found a staircase to the Lair.
  9609 | D:8      | HP: 1/88 [something (6)]
 10271 | D:9      | Noticed Grum
 10274 | D:9      | Noticed Erolcha
 10283 | D:9      | Killed Grum
 10298 | D:9      | Reached skill level 15 in Long Blades
 10635 | D:8      | Reached XP level 11. HP: 82/94 MP: 10/10
 10714 | D:9      | Killed Erolcha
 10890 | D:9      | Found a white marble altar of Elyvilon.
 11108 | D:9      | Noticed Maurice
 11125 | D:9      | Killed Maurice
 11446 | D:9      | Found an iron altar of Okawaru.
 11459 | D:9      | Found a sparkling altar of Nemelex Xobeh.
 11462 | D:9      | Found a shimmering blue altar of Sif Muna.
 11583 | D:10     | Entered Level 10 of the Dungeon
 11636 | D:10     | Reached skill level 10 in Armour
 11911 | D:10     | Found Nipok's Weapon Shoppe.
 11916 | D:10     | Bought a +2 hand crossbow of freezing for 292 gold pieces
 11916 | D:10     | Bought a +0 long sword of flaming for 132 gold pieces
 11929 | D:10     | Found Didooh's Distillery.
 11935 | D:10     | Bought a potion of heal wounds for 70 gold pieces
 11935 | D:10     | Bought a potion of magic for 112 gold pieces
 11935 | D:10     | Bought a potion of haste for 140 gold pieces
 11935 | D:10     | Bought a potion of heal wounds for 70 gold pieces
 11935 | D:10     | Bought a potion of cancellation for 112 gold pieces
 12120 | D:10     | Found a radiant altar of Vehumet.
 12120 | D:10     | Found a burning altar of Makhleb.
 12178 | D:10     | Found Lakafeaf's Distillery.
 12186 | D:10     | Bought a potion of might for 60 gold pieces
 12321 | D:10     | Found Xausoceg's Assorted Antiques.
 12321 | D:10     | Identified the amulet of Vehumet's Esteem {Acrobat rPois
                  | Str+4 Dex-4}
 13158 | D:11     | Noticed a boulder beetle
 13220 | D:11     | Killed a boulder beetle
 13706 | D:11     | Identified the +4 falchion of Dismemberment {antimagic,
                  | Str+3}
 13716 | D:11     | Reached skill level 16 in Long Blades
 13959 | D:12     | Noticed an eight-headed hydra
 13967 | D:12     | Killed a four-headed hydra
 13968 | D:12     | Reached skill level 5 in Evocations
 14206 | D:12     | Reached skill level 10 in Fighting
 14587 | D:12     | Reached XP level 12. HP: 82/106 MP: 11/11
 14627 | D:12     | Noticed a catoblepas
 14653 | D:12     | Killed a catoblepas
 14657 | D:12     | Noticed a boulder beetle
 14971 | D:12     | Noticed a catoblepas
 14980 | D:12     | Killed a catoblepas
 15088 | D:12     | Killed a boulder beetle
 15228 | D:12     | Found Ekkecips's Weapon Shoppe.
 15229 | D:12     | Found a staircase to the Orcish Mines.
 15231 | D:12     | Found Fecrilu's Armour Shoppe.
 15307 | D:12     | Bought 20 bolts for 56 gold pieces
 15307 | D:12     | Bought the +2 Maxwell's thermic engine {flame, freeze} for
                  | 616 gold pieces
 15307 | D:12     | Found the +2 Maxwell's thermic engine {flame, freeze}
 15499 | D:12     | Reached skill level 1 in Crossbows
 16064 | Orc:1    | Entered Level 1 of the Orcish Mines
 16108 | Orc:1    | Noticed a two-headed ogre
 16113 | Orc:1    | Killed a two-headed ogre
 16414 | Orc:2    | Entered Level 2 of the Orcish Mines
 16423 | Orc:2    | Noticed an orc warlord
 16433 | Orc:2    | Noticed a stone giant
 16433 | Orc:2    | Noticed an ogre mage
 16499 | Orc:1    | Reached XP level 13. HP: 47/117 MP: 12/12
 16935 | Orc:2    | Found a staircase to the Elven Halls.
 16936 | Orc:2    | HP: 1/117 [ogre (16)]
 16938 | Orc:2    | Hit by a large rock thrown by a stone giant

Illustrated notes

Levels and vault maps discovered:
D:1:      scummos_arrival_simple_fountains, layout_basic,
          palyth_stone_intersect, kennysheep_decorative_pillar,
          minmay_crystal_water
D:2:      layout_basic, hellmonk_ecumenical_altar_lost_god, st_stairs_4
D:3:      layout_basic, amcnicky_altar_gilded
D:4:      minmay_wonky_spiral, layout_basic, minmay_temple_entry_poolview,
          dk_noncrumbling_2, kennysheep_another_room
D:5:      layout_basic, serial_shops, nicolae_lakefront_shop,
          nicolae_shop_crystal, shop, kennysheep_mini, shop,
          minmay_fractal_squares_5, uniq_eustachio, uniq_duvessa
D:6:      layout_rooms, nicolae_ru_the_path_less_chosen,
          nicolae_wu_jian_wuxing_cycle, mainiacjoe_overflow_24_doors,
          lightli_sewer_entry_pipes, uniq_pikel, uniq_prince_ribbit1
D:7:      layout_basic
D:8:      layout_basic, erik_lair_island, lightli_orcish_oven
D:9:      layout_cave_pools, mainiacjoe_overflow_concentric_impassable,
          minitemple, hangedman_abyss_or_decor_stabs, minivault_16,
          uniq_maurice, uniq_erolcha, uniq_grum
D:10:     layout_loops_ring, grunt_temple_overflow_lords_of_destruction,
          serial_shops, shop_fountains, shop_statue, shop_statue, shop,
          kennysheep_generic_room_10
D:11:     layout_roguey
D:12:     layout_gridville, orc_david_3, dilly_guarded_unrand_elemental_staff
Temple:   nicolae_temple_no_exploring_needed
Orc:1:    layout_caves, basic_altar
Orc:2:    st_orc_open, layout_caves, basic_altar

Skill      XL: |  1  2  3  4  5  6  7  8  9 10 11 12 |
---------------+-------------------------------------+-----
Armour         | 4 5 6 7 8 11 13 | 13.5
Shields        | 4 5 7 |  7.2
Fighting       | 4 5 6 8 10 11 | 11.8
Long Blades    | 3 4 5 7 8 11 13 15 16 | 16.7
Dodging        | 1 2 3 |  3.2
Evocations     | 1 3 5 6 |  6.0
Crossbows      | 3 |  3.8

Action                   |  1- 3 |  4- 6 |  7- 9 | 10-12 | 13-15 || total
-------------------------+-------+-------+-------+-------+-------++-------
Melee: Long sword        |    87 |   131 |   316 |   393 |       ||   927
       Headbutt          |    11 |    21 |    72 |   145 |     3 ||   252
       Falchion          |       |       |       |   274 |       ||   274
       Double sword      |       |       |       |    81 |    18 ||    99
Invok: Potion Petition   |       |       |       |     1 |     2 ||     3
 Abil: Evoke Blink       |       |       |       |       |     3 ||     3
  Use: Scroll            |       |    11 |     9 |     4 |       ||    24
       Potion            |       |     1 |       |     7 |       ||     8
 Stab: Petrified         |       |       |       |    10 |       ||    10
       Distracted        |       |       |       |     2 |       ||     2
Armor: Scale mail        |    49 |    40 |    17 |       |       ||   106
       Ring mail         |       |       |    28 |       |       ||    28
       Chain mail        |       |       |    19 |   206 |     7 ||   232
Dodge: Dodged            |    35 |    65 |   111 |   165 |     8 ||   384
Block: Buckler           |    22 |    27 |   107 |   185 |       ||   341
       Reflection        |       |       |     1 |    15 |     3 ||    19
       Kite shield       |       |       |       |   203 |    27 ||   230

Table legend: (Time is in decaauts)
 A = Elapsed time spent in this place.
 B = Non-inter-level travel time spent in this place.
 C = Inter-level travel time spent in this place.
 D = Time resting spent in this place.
 E = Time spent auto-exploring this place.
 F = Levels seen in this place.
 G = Mean time per level.
                   A        B        C        D        E       F      G
               +--------+--------+--------+--------+--------+-----+--------+
         Total |  16928 |  14310 |   2618 |      0 |  11428 |  16 | 1058.0 |
       Dungeon |  15320 |  12911 |   2409 |      0 |  10628 |  12 | 1276.7 |
        Temple |     48 |      2 |     46 |      0 |      0 |   1 |   48.0 |
  Orcish Mines |    816 |    654 |    162 |      0 |    501 |   2 |  408.0 |
         Sewer |    742 |    742 |      0 |      0 |    299 |   1 |  742.0 |
               +--------+--------+--------+--------+--------+-----+--------+

Top non-repeatable levels by time:
    D:12: 2075 daAuts
     D:5: 1851 daAuts
     D:8: 1846 daAuts
     D:4: 1480 daAuts
     D:3: 1326 daAuts
    D:11: 1204 daAuts
    D:10: 1131 daAuts
     D:1: 1124 daAuts
     D:6: 1062 daAuts
     D:9: 948 daAuts
   Orc:1: 763 daAuts
   Sewer: 742 daAuts
     D:2: 678 daAuts
     D:7: 591 daAuts
   Orc:2: 53 daAuts
